 Dungeon Crawl Stone Soup version 0.24.0-125-gc4c63601f3 (webtiles) character file.

Game seed: 6006316123441385720, levelgen mode: deterministic

193718 Peloso the Hoplite (level 18, -11/169 HPs)
             Began as a Minotaur Fighter on Feb 22, 2020.
             Was the Champion of Okawaru.
             Shot with an arrow by a deep elf master archer (29 damage)
             ... on level 3 of the Elven Halls.
             The game lasted 01:40:33 (35204 turns).

Peloso the Hoplite (Minotaur Fighter)              Turns: 35204, Time: 01:40:34

Health: -11/169    AC: 25    Str: 30    XL:     18   Next: 7%
Magic:  18/19      EV: 22    Int:  9    God:    Okawaru [******]
Gold:   2580       SH: 19    Dex: 25    Spells: 17/17 levels left

rFire    + + .     SeeInvis +   a - +5 falchion of Emothak {elec, rF+ Int+4 Dex+4}
rCold    + . .     Gourm    .   c - +0 shield
rNeg     . . .     Faith    +   J - +3 plate armour {MR+}
rPois    .         Spirit   .   o - +1 hat {SInv}
rElec    +         Reflect  .   E - scarf {rC+ rF+}
rCorr    .         Harm     .   d - +0 pair of gloves of the Original Sin {rElec MR+ Dex+4 Slay+3}
MR       +++..                  l - +1 pair of boots {run}
Stlth    +.........             h - amulet of faith
HPRegen  0.38/turn              V - +4 ring of strength
MPRegen  0.16/turn              M - ring of the Establishment {EV+4 Dex+4 Slay+2 Stlth+}

@: about to teleport, heroism, heavily drained, quick
A: retaliatory headbutt, horns 2, blurry vision 1
a: Heroism, Finesse, Renounce Religion


You were on level 3 of the Elven Halls.
You worshipped Okawaru.
Okawaru was exalted by your worship.
You were not hungry.

You visited 5 branches of the dungeon, and saw 27 of its levels.
You also visited: Desolation.

You collected 3162 gold pieces.
You spent 582 gold pieces at shops.

Inventory:

Hand Weapons
 a - the +5 falchion of Emothak (weapon) {elec, rF+ Int+4 Dex+4}
   (Okawaru gifted it to you on level 3 of the Elven Halls)

   Occasionally, upon striking a foe, it will discharge some electrical energy
   and cause terrible harm.
   It affects your intelligence (+4).
   It affects your dexterity (+4).
   It protects you from fire.
 p - a +0 demon blade of venom
 u - a +0 scimitar of slicing
 H - a +1 long sword of holy wrath
 K - a +5 long sword of electrocution
 Z - a +2 falchion of holy wrath
Armour
 c - a +0 shield (worn)
 d - the +0 pair of gloves of the Original Sin (worn) {rElec MR+ Dex+4 Slay+3}
   (Okawaru gifted it to you on level 8 of the Dungeon)

   It affects your dexterity (+4).
   It affects your accuracy and damage with ranged weapons and melee attacks
   (+3).
   It insulates you from electricity.
   It affects your resistance to hostile enchantments.
 l - a +1 pair of boots of running (worn)
 o - a +1 hat of see invisible (worn)
 r - a +2 cloak
 C - the +6 plate armour of the Mantidfly {rCorr Dex+3}
   (You found it in the Desolation of Salt)

   It affects your dexterity (+3).
   It provides partial protection from all sources of acid and corrosion.
 E - a scarf of resistance (worn)
 J - a +3 plate armour of magic resistance (worn)
 L - a +2 cloak of poison resistance
Jewellery
 h - an amulet of faith (around neck)
 s - a +1 ring of evasion {unknown}
 t - an uncursed ring of resist corrosion
 F - a +4 ring of dexterity
 M - the ring of the Establishment (right hand) {EV+4 Dex+4 Slay+2 Stlth+}
   (You took it off a deep elf demonologist on level 3 of the Elven Halls)

   [ring of evasion]

   It affects your evasion (+4).
   It affects your dexterity (+4).
   It affects your accuracy and damage with ranged weapons and melee attacks
   (+2).
   It makes you more stealthy.
 U - an uncursed ring of wizardry {unknown}
 V - a +4 ring of strength (left hand)
Wands
 b - a wand of disintegration (8)
 m - a wand of digging (1)
 G - a wand of iceblast (5)
Scrolls
 g - 7 scrolls of noise
 j - 15 scrolls of remove curse
 k - 6 scrolls of fear
 n - 3 scrolls of magic mapping
 q - 3 scrolls of identify
 v - a scroll of blinking
 x - a scroll of enchant weapon
 y - 8 scrolls of teleportation
 W - a scroll of summoning
Potions
 e - 3 potions of brilliance
 i - a potion of might
 w - 10 potions of agility
 z - 6 potions of flight
 A - a potion of invisibility
 B - a potion of mutation
 D - 3 potions of haste
 S - 2 potions of curing
Comestibles
 f - 41 rations


   Skills:
 + Level 17.0(18.0) Fighting
 + Level 18.7(19.5) Long Blades
 + Level 14.3(15.5) Armour
 + Level 10.1(11.6) Dodging
 + Level 5.8(7.7) Stealth
 + Level 21.0(21.7) Shields
 + Level 3.4(0.9) Invocations
 + Level 0.2(0.0) Evocations


You had 17 spell levels left.
You didn't know any spells.
Your spell library contained the following spells:

 Spells                   Type           Power        Failure   Level  Hunger
 Animate Skeleton         Necr           N/A          91%         1    ##.....
 Apportation              Tloc           #.....       91%         1    ##.....
 Confusing Touch          Hex            #.....       91%         1    ##.....
 Infusion                 Chrm           #...         91%         1    ##.....
 Shock                    Conj/Air       #...         91%         1    ##.....
 Sting                    Conj/Pois      #...         91%         1    ##.....
 Summon Butterflies       Summ           #.......     91%         1    ##.....
 Summon Small Mammal      Summ           #...         91%         1    ##.....
 Ensorcelled Hibernation  Hex/Ice        #.....       97%         2    ###....
 Poisonous Vapours        Pois/Air       #.....       97%         2    ###....
 Shroud of Golubria       Chrm/Tloc      #.....       97%         2    ###....
 Song of Slaying          Chrm           #.......     97%         2    ###....
 Swiftness                Chrm/Air       #.......     97%         2    ###....
 Ignite Poison            Fire/Tmut/Pois #.......     99%         3    ####...
 Lesser Beckoning         Tloc           #.........   99%         3    ####...
 Mephitic Cloud           Conj/Pois/Air  #.......     99%         3    ####...
 Ozocubu's Armour         Chrm/Ice       #.......     99%         3    ####...
 Regeneration             Chrm/Necr      #.........   99%         3    ####...
 Spectral Weapon          Hex/Chrm       #.......     99%         3    ####...
 Spider Form              Tmut/Pois      #.........   99%         3    ####...
 Static Discharge         Conj/Air       #.......     99%         3    ####...
 Tukima's Dance           Hex            #.......     99%         3    ####...
 Airstrike                Air            #.........   100%        4    #####..
 Cause Fear               Hex            #.........   100%        4    #####..
 Olgreb's Toxic Radiance  Pois           #.......     100%        4    #####..
 Sticky Flame             Conj/Fire      #.......     100%        4    #####..
 Alistair's Intoxication  Tmut/Pois      #.......     100%        5    ######.
 Borgnjor's Vile Clutch   Necr/Erth      #.........   100%        5    ######.
 Lightning Bolt           Conj/Air       #.........   100%        5    ######.
 Silence                  Hex/Air        #.........   100%        5    ######.
 Venom Bolt               Conj/Pois      #.........   100%        5    ######.
 Yara's Violent Unravell  Hex/Tmut       #.........   100%        5    ######.
 Conjure Ball Lightning   Conj/Air       #.........   100%        6    #######
 Darkness                 Hex            #.........   100%        6    #######
 Deflect Missiles         Chrm/Air       #.........   100%        6    #######
 Invisibility             Hex            #.......     100%        6    #######
 Shadow Creatures         Summ           N/A          100%        6    #######
 Discord                  Hex            #.........   100%        8    #######


Dungeon Overview and Level Annotations

Branches:
Dungeon (15/15)            Temple (1/1) D:4            Lair (6/6) D:8
  Swamp (0/4) Lair:3       Spider (0/4) Lair:4        Slime (0/5) Lair:6
    Orc (2/2) D:12            Elf (3/3) Orc:2        Vaults (0/5) D:13
 Depths (0/5) D:15        Desolation (visited)

Altars:
Cheibriados
Dithmenos
Fedhas
Gozag
Kikubaaqudgha
Makhleb
Nemelex Xobeh
Okawaru
Ru
Sif Muna
Uskayaw
Vehumet
Xom
Yredelemnul
Jiyva

Shops:
D:8 [   D:13 (*!(   Orc:2 (?[[[   Elf:2 }}==

Annotations:
Elf:2 3 runed translucent doors


Innate Abilities, Weirdness & Mutations

You reflexively headbutt those who attack you in melee.
You have a pair of horns on your head.
Scrolls take you a little longer to read.


Message History

The deep elf master archer shoots an arrow.
The arrow barely misses you.
Unknown command.
You slash the deep elf blademaster!
Lightning courses through the deep elf blademaster!
You kill the deep elf blademaster!
Okawaru accepts your kill.
The deep elf master archer shoots an arrow.
You block the arrow.
Unknown command.
You slash the deep elf master archer!
The deep elf master archer is lightly wounded.
The deep elf master archer shoots an arrow.
You block the arrow.
Unknown command.
You slash the deep elf master archer!
The deep elf master archer is moderately wounded.
The deep elf master archer shoots an arrow.
The arrow hits you!!
You die...

...#...#=:.)}::#....##...# .#
..##..##[):?([=##(.......## #.#
8.#.).#.[[|⌠:.:.#(.##.....# ..#
..#)8.##)})::|}##...##....#...#
.)#....#:=..)}}##.....#...#..)#
8.))...##([.))..##....##..'.#
.)#)....# ##e8.###......#...#
.)#.8.....# ###e...##.....#.#.#
8.#...#.......##@)..##....# . #
..##..##.......#).⌠..'...## ##
...#... #..#...##.(.###### ##
...##....#..#...##.############
.... ....#..##.. #'######8####
....##...... ##. ..###8#######
..#.. .. ...######### ..#...
....###### #..#... ....###8##


You could see 2 deep elf master archers.

Vanquished Creatures
  The ghost of Fihac the Fighter, an adept DrEE of Vehumet (D:13)
  3 deep elf blademasters (Elf:3)
  2 deep elf master archers (Elf:3)
  Gastronok (Lair:3)
  Kirke (D:12)
  An orc warlord (Orc:2)
  6 deep elf sorcerers (Elf:3)
  4 deep elf elementalists (Elf:3)
  2 deep elf demonologists (Elf:3)
  5 deep elf annihilators (Elf:3)
  4 halazid warlocks (Desolation)
  Snorg (Lair:3)
  2 crystal guardians (Desolation)
  5 deep elf death magi (Elf:3)
  A fire dragon (D:12)
  2 deep elf high priests (Elf:3)
  5 ragged hierophants (Desolation)
  7 hydras
  13 servants of whispers (Desolation)
  6 peacekeepers (Desolation)
  3 catoblepae (Lair:6)
  16 two-headed ogres
  3 ogre magi
  A centaur warrior (D:14)
  7 death yaks
  17 dancing weapons
  Sonja (Lair:3)
  Urug (D:12)
  13 deep elf knights
  2 unseen horrors
  An iron troll (Orc:2)
  A deep troll (Orc:1)
  A wolf spider zombie (D:12)
  12 deep elf archers
  2 ironbrand convokers (Desolation)
  9 orc sorcerers
  An orb spider (Lair:4)
  3 oklob plants (Lair:6)
  39 deep elf magi
  5 orc knights
  3 manticores
  6 black mambas
  7 cyclopes
  15 elephants
  4 ugly things
  A centaur zombie (D:14)
  A naga mage (D:15)
  A gargoyle (D:12)
  A freezing wraith (D:14)
  5 rime drakes
  12 spiny frogs
  3 yaktaurs (D:15)
  5 kobold demonologists
  8 komodo dragons
  13 trolls
  A merfolk (D:9)
  A wind drake (shapeshifter) (Elf:3)
  54 saltlings (Desolation)
  2 hornets
  7 hippogriffs
  5 slime creatures
  5 dream sheep
  10 blink frogs (Lair:6)
  Grinder (D:3)
  4 air elementals
  A shadow (D:11)
  5 water elementals
  2 wraiths
  40 yaks
  5 fire elementals
  A hog (D:12)
  4 wyverns
  2 hungry ghosts
  11 vampire mosquitoes
  5 basilisks
  2 wargs (Orc:2)
  4 insubstantial wisps
  3 acid dragons
  A soldier ant (D:15)
  7 water moccasins
  8 porcupines
  A swamp drake (D:12)
  4 phantoms
  17 orc warriors
  6 sky beasts
  3 ice beasts (D:8)
  2 black bears
  A necrophage (D:7)
  18 wolves
  An eye of draining (D:12)
  27 ogres
  16 centaurs
  9 crocodiles
  9 big kobolds
  24 bullfrogs
  A wyvern zombie (D:14)
  2 earth elementals
  A scorpion (D:11)
  16 killer bees
  26 wights
  6 howler monkeys
  9 crimson imps
  3 bullfrog zombies
  5 jellies
  7 hounds
  19 orc wizards
  21 orc priests
  3 bullfrog skeletons
  8 centaur skeletons
  4 iguanas
  Ijyb (D:3)
  6 worker ants
  2 hound skeletons
  2 worker ant zombies
  A howler monkey zombie (D:5)
  16 adders
  4 gnolls (D:7)
  2 shadow imps
  2 oozes (Lair:6)
  2 adder skeletons
  3 worms
  6 leopard geckos
  80 orcs
  3 bats
  4 giant cockroaches
  9 hobgoblins
  8 jackals
  2 quokkas
  4 frilled lizards
  4 goblins
  13 kobolds
  A leopard gecko skeleton (D:7)
  6 rats
  13 pillars of salt (Elf:2)
  2 plants (Lair:1)
951 creatures vanquished.

Vanquished Creatures (others)
  5 humans (D:12)
  A crocodile (Lair:1)
  A big kobold (D:13)
  An orc priest (Orc:2)
  An orc wizard (Orc:2)
  A bush (Lair:6)
  9 fungi
  10 plants
29 creatures vanquished.

Grand Total: 980 creatures vanquished

Notes
Turn   | Place    | Note
-------+----------+-------------------------------------------
     0 | D:1      | Peloso the Minotaur Fighter began the quest for the Orb.
     0 | D:1      | Reached XP level 1. HP: 19/19 MP: 0/0
   345 | D:1      | Reached XP level 2. HP: 25/27 MP: 1/1
   738 | D:2      | Reached skill level 4 in Shields
   800 | D:2      | Found a sacrificial altar of Ru.
   852 | D:2      | Found a shimmering blue altar of Sif Muna.
   977 | D:2      | Reached XP level 3. HP: 21/33 MP: 2/2
  1346 | D:2      | Found a faded altar of an unknown god.
  1398 | D:2      | Found a radiant altar of Vehumet.
  1659 | D:3      | Reached XP level 4. HP: 27/40 MP: 3/3
  1720 | D:3      | Noticed Grinder
  1742 | D:3      | Killed Grinder
  1742 | D:3      | Reached skill level 5 in Long Blades
  1742 | D:3      | Reached XP level 5. HP: 11/47 MP: 4/4
  1842 | D:3      | Reached skill level 5 in Armour
  1842 | D:3      | Reached XP level 6. HP: 15/53 MP: 5/5
  2122 | D:3      | Reached skill level 5 in Shields
  2406 | D:3      | Noticed Ijyb
  2422 | D:3      | Killed Ijyb
  2908 | D:4      | Found a staircase to the Ecumenical Temple.
  2981 | Temple   | Entered the Ecumenical Temple
  3028 | Temple   | Became a worshipper of Warmaster Okawaru
  3088 | D:4      | Reached XP level 7. HP: 52/60 MP: 6/6
  3159 | D:4      | Reached skill level 6 in Shields
  3447 | D:4      | Reached * piety under Okawaru
  3628 | D:4      | Reached skill level 5 in Fighting
  3839 | D:5      | Entered Level 5 of the Dungeon
  3893 | D:5      | Reached XP level 8. HP: 58/68 MP: 7/7
  3915 | D:5      | Found a burning altar of Makhleb.
  3986 | D:5      | Found a shimmering altar of Xom.
  4145 | D:5      | Got an encrusted mace
  4146 | D:5      | Identified the +7 mace of Uheot {chaos, rElec rPois Int-4
                  | Stlth+} (You found it on level 5 of the Dungeon)
  4392 | D:5      | Reached skill level 7 in Shields
  4505 | D:5      | Reached ** piety under Okawaru
  5327 | D:6      | Reached skill level 8 in Shields
  5382 | D:6      | Reached XP level 9. HP: 59/78 MP: 8/8
  5521 | D:6      | Found a blossoming altar of Fedhas.
  6111 | D:6      | Reached skill level 1 in Dodging
  6120 | D:6      | Reached *** piety under Okawaru
  6295 | D:7      | Found an opulent altar of Gozag.
  6548 | D:7      | Reached skill level 9 in Shields
  6892 | D:7      | Identified the ring "Odik Jur" {rElec MR- Str+2 Int+3}
  7220 | D:7      | Noticed a white ugly thing
  7220 | D:7      | Noticed a cyclops
  7220 | D:7      | Noticed a white ugly thing
  7227 | D:7      | Killed a cyan ugly thing
  7227 | D:7      | Reached **** piety under Okawaru
  7227 | D:7      | Reached skill level 10 in Long Blades
  7238 | D:7      | Killed a white ugly thing
  7238 | D:7      | Reached XP level 10. HP: 82/88 MP: 7/9
  7243 | D:7      | Killed a cyclops
  7243 | D:7      | Reached skill level 10 in Shields
  7258 | D:7      | Got an ichor-stained ring mail
  7331 | D:8      | Reached ***** piety under Okawaru
  7400 | D:8      | Reached skill level 1 in Stealth
  7617 | D:8      | Found a staircase to the Lair.
  7622 | D:8      | Noticed a two-headed ogre
  7629 | D:8      | Killed a two-headed ogre
  7629 | D:8      | Received a gift from Okawaru
  7649 | D:8      | Got a pair of smoking gloves {god gift}
  7655 | D:8      | Identified the +0 pair of gloves of the Original Sin {rElec
                  | MR+ Dex+4 Slay+3} (Okawaru gifted it to you on level 8 of
                  | the Dungeon)
  7818 | D:8      | Reached skill level 11 in Shields
  7824 | D:8      | Found Dout's Armour Shop.
  8237 | D:8      | Identified the +9 ring mail "Nopexale" {rC+} (You found it
                  | on level 7 of the Dungeon)
  8481 | D:9      | Reached XP level 11. HP: 89/97 MP: 10/10
  8988 | D:10     | Entered Level 10 of the Dungeon
  9600 | D:11     | Reached skill level 12 in Shields
  9717 | D:11     | Noticed a purple ugly thing
  9733 | D:11     | Killed a purple ugly thing
  9733 | D:11     | Reached ****** piety under Okawaru
 10276 | D:11     | Received a gift from Okawaru
 10463 | D:12     | Noticed Kirke
 10473 | D:12     | Noticed Urug
 10499 | D:12     | Noticed a fire dragon
 10500 | D:12     | Killed Urug
 10521 | D:12     | Killed a fire dragon
 10521 | D:12     | Reached skill level 1 in Invocations
 10534 | D:12     | Killed Kirke
 10534 | D:12     | Reached skill level 10 in Fighting
 10534 | D:12     | Reached skill level 13 in Shields
 10534 | D:12     | Reached XP level 12. HP: 68/106 MP: 8/11
 10722 | D:12     | Received a gift from Okawaru
 10938 | D:12     | Noticed a two-headed ogre
 10954 | D:12     | Killed a two-headed ogre
 10954 | D:12     | Received a gift from Okawaru
 11505 | D:12     | Found a staircase to the Orcish Mines.
 11611 | D:12     | Noticed a two-headed ogre
 11622 | D:12     | Killed a two-headed ogre
 11622 | D:12     | Reached skill level 5 in Dodging
 11727 | D:12     | Noticed a two-headed ogre
 11734 | D:12     | Killed a two-headed ogre
 11908 | Lair:1   | Entered Level 1 of the Lair of Beasts
 11929 | Lair:1   | Reached skill level 14 in Shields
 11939 | Lair:1   | Noticed a five-headed hydra
 12273 | D:13     | Found Enwiru Fagg's Weapon Shop.
 12273 | D:13     | Found Rimpuvohobb's Distillery.
 12280 | D:13     | Reached skill level 10 in Armour
 12299 | D:13     | Bought a potion of cancellation for 96 gold pieces
 12299 | D:13     | Bought a potion of mutation for 96 gold pieces
 12299 | D:13     | Bought a potion of mutation for 96 gold pieces
 12409 | D:13     | Noticed an eight-headed hydra
 12428 | D:13     | Killed a 13-headed hydra
 12428 | D:13     | Reached XP level 13. HP: 70/116 MP: 11/13
 12604 | D:13     | Found Oziu's General Store.
 12843 | D:13     | Found Oloolips's Weapon Shoppe.
 12897 | D:13     | Received a gift from Okawaru
 12904 | D:13     | Found a gate to the Vaults.
 13193 | D:13     | Got a pitted scale mail {god gift}
 13224 | D:13     | Noticed Fihac's ghost (adept DrEE)
 13225 | D:13     | Found a runed translucent gate.
 13226 | D:13     | Found a runed translucent gate.
 13226 | D:13     | Found a runed translucent gate.
 13288 | D:13     | Found Fohenk's Armour Shoppe.
 13477 | D:13     | Identified the +1 scale mail of the Moon {Int+2} (Okawaru
                  | gifted it to you on level 13 of the Dungeon)
 14081 | D:14     | Reached skill level 15 in Shields
 14633 | Orc:1    | Entered Level 1 of the Orcish Mines
 14640 | Orc:1    | Reached skill level 15 in Long Blades
 14773 | Orc:2    | Entered Level 2 of the Orcish Mines
 14794 | Orc:2    | Received a gift from Okawaru
 15270 | Orc:2    | Found Nogecwia's Weapon Shoppe.
 15515 | Orc:2    | Found a staircase to the Elven Halls.
 15771 | Orc:1    | Noticed an orc warlord
 16067 | Orc:2    | Received a gift from Okawaru
 16106 | Orc:2    | Killed an orc warlord
 16270 | Orc:2    | Found Jasyh's Antique Armour Emporium.
 16318 | Orc:1    | Reached XP level 14. HP: 101/127 MP: 14/14
 16416 | Orc:2    | Reached skill level 16 in Shields
 17320 | Orc:2    | Found Tehu's Antique Armour Shoppe.
 17338 | Orc:2    | Found Etwo's Armour Boutique.
 17342 | Orc:2    | Found Ilemom's Magic Scroll Emporium.
 17360 | Orc:2    | Bought a faintly humming chain mail for 294 gold pieces
 17383 | Orc:2    | Identified the +3 chain mail of Weirdness {Int+2} (You
                  | bought it in a shop on level 2 of the Orcish Mines)
 17745 | D:15     | Entered Level 15 of the Dungeon
 18209 | D:15     | Found a sacrificial altar of Ru.
 18214 | D:15     | Received a gift from Okawaru
 18252 | D:15     | Got a pair of brightly glowing gloves {god gift}
 19167 | D:15     | Found a staircase to the Depths.
 20144 | Lair:1   | Identified the -5 pair of gloves of Xaeph {+Inv rPois rCorr
                  | Slay-2} (Okawaru gifted it to you on level 15 of the
                  | Dungeon)
 21196 | Lair:3   | Noticed Gastronok
 21209 | Lair:3   | Killed Gastronok
 21259 | Lair:3   | Found a staircase to the Swamp.
 21298 | Lair:3   | Noticed Snorg
 21311 | Lair:3   | Killed Snorg
 21311 | Lair:3   | Received a gift from Okawaru
 21311 | Lair:3   | Reached skill level 17 in Shields
 21647 | Lair:3   | Noticed Sonja
 21650 | Lair:3   | Killed Sonja
 21650 | Lair:3   | Received a gift from Okawaru
 21658 | Lair:3   | Got a pair of ichor-stained gloves {god gift}
 22112 | Lair:4   | Reached skill level 5 in Stealth
 22261 | Lair:4   | Found a hole to the Spider Nest.
 22396 | Lair:4   | Reached XP level 15. HP: 120/137 MP: 15/15
 23463 | Lair:5   | Received a gift from Okawaru
 23734 | Lair:6   | Entered Level 6 of the Lair of Beasts
 24028 | Lair:6   | Found a runed translucent door.
 24028 | Lair:6   | Found a viscous altar of Jiyva.
 24037 | Lair:6   | Found a staircase to the Slime Pits.
 24625 | Lair:6   | Received a gift from Okawaru
 24712 | Lair:6   | Reached skill level 18 in Shields
 24728 | Lair:6   | Got a pair of shimmering boots
 24739 | Lair:6   | Identified the +2 pair of boots of Nuetsach {Dex+2} (You
                  | found it on level 6 of the Lair of Beasts)
 25477 | Lair:6   | Identified a scroll of acquirement
 25760 | Lair:1   | Identified the +0 pair of gloves of Mid Taf {rN++ Str+2}
                  | (Okawaru gifted it to you on level 3 of the Lair of Beasts)
 26068 | D:13     | Killed Fihac's ghost
 26347 | Elf:1    | Entered Level 1 of the Elven Halls
 26720 | Elf:1    | Reached XP level 16. HP: 94/147 MP: 17/17
 26726 | Elf:1    | Received a gift from Okawaru
 27210 | Elf:1    | Reached skill level 15 in Fighting
 27450 | Elf:1    | Gained mutation: Scrolls take you a little longer to read.
                  | [a neqoxec]
 27751 | Elf:2    | Found Ughicum's Gadget Emporium.
 27814 | Elf:2    | Found a ruined gateway.
 27840 | Desolati | Entered the Desolation of Salt
 27888 | Desolati | Reached skill level 19 in Shields
 28206 | Desolati | Received a gift from Okawaru
 28502 | Desolati | Found the +6 Majin-Bo {vamp, Archmagi MP+6 Int+6}
 28566 | Desolati | Got a bound jade ring
 28570 | Desolati | Got an iridescent flail
 28588 | Desolati | Got an ivory hand crossbow
 28637 | Desolati | Lost intelligence.
 28637 | Desolati | Identified the ring "Fanugui" {*Drain rElec Int-5 SInv
                  | Stlth-} (You found it in the Desolation of Salt)
 28743 | Desolati | Reached skill level 10 in Dodging
 29140 | Desolati | Received a gift from Okawaru
 29158 | Desolati | HP: 3/151 [halazid warlock/bolt of negative energy (38)]
 30005 | Desolati | Reached XP level 17. HP: 127/158 MP: 18/18
 30138 | Desolati | Got a jewelled plate armour
 30174 | Desolati | Got an encrusted scale mail {god gift}
 30215 | Desolati | Identified the +6 plate armour of the Mantidfly {rCorr
                  | Dex+3} (You found it in the Desolation of Salt)
 30393 | Desolati | Identified the Grimoire of Harmful Augmentations
 30398 | Desolati | Identified Uhesk's Incunabulum of Venom
 30417 | Desolati | Got a jade-studded scale mail
 30576 | Desolati | Identified the +5 scale mail "Guatote" {rC+ Stlth+} (You
                  | found it in the Desolation of Salt)
 30596 | Desolati | Identified the +5 scale mail of Okawaru's Displeasure
                  | {+Blink rElec rF- Int+8 Dex+2} (Okawaru gifted it to you in
                  | the Desolation of Salt)
 30652 | Desolati | Got a shimmering shortbow
 30857 | Elf:2    | Found Lillyo's Gadget Emporium.
 30857 | Elf:2    | Found Siryotz's Jewellery Boutique.
 30858 | Elf:2    | Found Ywkidy Buu's Jewellery Boutique.
 30918 | Elf:2    | Found a runed translucent gate.
 30919 | Elf:2    | Found a runed translucent gate.
 30945 | Elf:2    | Found a runed translucent gate.
 31384 | Lair:1   | Identified the +10 hand crossbow of the Dead {flame, Str-5
                  | Int+4 Dex+4} (You found it in the Desolation of Salt)
 31387 | Lair:1   | Identified the +7 flail of Triumph {vamp, rPois Dex+3} (You
                  | found it in the Desolation of Salt)
 31393 | Lair:1   | Identified the +6 shortbow "Suranid" {flame, rC+ Dex+4}
                  | (You found it in the Desolation of Salt)
 31409 | Lair:1   | Identified a +1 pair of boots of running (You found it on
                  | level 13 of the Dungeon)
 31743 | Elf:3    | Entered Level 3 of the Elven Halls
 31836 | Elf:3    | Reached skill level 20 in Shields
 32225 | Elf:3    | Received a gift from Okawaru
 33320 | Elf:3    | Received a gift from Okawaru
 33365 | Elf:3    | Received a gift from Okawaru
 33415 | Elf:3    | Got a brightly glowing falchion {god gift}
 33416 | Elf:3    | Identified the +5 falchion of Emothak {elec, rF+ Int+4
                  | Dex+4} (Okawaru gifted it to you on level 3 of the Elven
                  | Halls)
 34004 | Elf:3    | Received a gift from Okawaru
 34525 | Elf:3    | Noticed a deep elf master archer
 34539 | Elf:3    | Killed a deep elf master archer
 34539 | Elf:3    | Received a gift from Okawaru
 34616 | Elf:3    | Identified the +6 lajatang of Kiahaiss {flame, rC+ Int-3
                  | Stlth+}
 34616 | Elf:3    | Identified the ring of the Establishment {EV+4 Dex+4 Slay+2
                  | Stlth+}
 34768 | Elf:3    | Noticed a deep elf blademaster
 34780 | Elf:3    | Killed a deep elf blademaster
 34930 | Elf:3    | Noticed a deep elf master archer
 34952 | Elf:3    | Killed a deep elf master archer
 34956 | Elf:3    | Reached XP level 18. HP: 112/168 MP: 19/19
 35178 | Elf:3    | Found the +2 hat of the Bear Spirit {Spirit, +Rage rN+
                  | MR++}
 35178 | Elf:3    | Found the +5 scythe "Finisher" {speed, eviscerate}
 35196 | Elf:3    | Received a gift from Okawaru
 35196 | Elf:3    | Reached skill level 21 in Shields
 35204 | Elf:3    | Shot with an arrow by a deep elf master archer

Levels and vault maps discovered:
D:1:      dpeg_arrival_windows_large_door, layout_basic
D:2:      layout_rooms, lemuel_coloured_pillars_altar, lemuel_crystal_altar,
          nicolae_overflow_crystal_walls, chequers_ecumenical_altar_grove,
          kennysheep_generic_room_4
D:3:      layout_loops_ring, first_ration, minmay_misc_feat_doors,
          item_on_display_a, uniq_grinder, uniq_ijyb
D:4:      layout_cave_pods, minmay_temple_entry_slanted,
          guppyfry_early_lair_pool
D:5:      minmay_polygon_palace, layout_loops_ring, kennysheep_little_box,
          old_standard_altar, kennysheep_generic_room_14
D:6:      layout_gridville, lemuel_round_altar
D:7:      minmay_the_grid_octo_2x2 [minmay_the_grid_octo_teeth,
          minmay_the_grid_octo_vomiting_pacman, minmay_the_grid_octo_empty,
          minmay_the_grid_octo_prize_single_spiral], layout_gridville
D:8:      minmay_bubble_buster, layout_basic, dpeg_oklobed_lair, serial_shops,
          shop
D:9:      layout_roguey, hangedman_fish_farm
D:10:     layout_basic
D:11:     layout_roguey, serial_rivers, chequers_serial_rivers_small_a,
          chequers_serial_rivers_micro_b, chequers_serial_rivers_micro_b,
          chequers_serial_rivers_micro_b, chequers_serial_rivers_micro_c
D:12:     layout_rooms, erik_orc_1, corexii_leaking_fountain, sword_in_stone,
          uniq_kirke
D:13:     layout_irregular_city, david_vaults_2, gammafunk_ghost_nasty_kobolds,
          serial_shops, shop, kennysheep_mini, shop, shop_fountains,
          nicolae_shop_waterfront
D:14:     layout_basic, skrybe_limestone_x, kennysheep_cross_bottleneck
D:15:     grunt_enter_depths_magical_seal, layout_layer_cave, drop_trap,
          nicolae_ru_sacrificial_ziggurat
Temple:   regret_index_temple_sphere_string
Lair:1:   layout_layer_cave, pond
Lair:2:   layout_long_grid
Lair:3:   layout_regular_city, minmay_swamp_entry_swarm, lemuel_fruit_tree,
          uniq_snorg, uniq_gastronok, uniq_sonja
Lair:4:   layout_regular_city, nicolae_spider_entry_orb_guardian
Lair:5:   layout_cave_pods, hangedman_lair_generics_rect
Lair:6:   evilmike_catoblepas_cave, layout_cave_pods, slime_altar_2,
          minmay_lair_oklob_chamber
Orc:1:    layout_caves
Orc:2:    st_orc_open, layout_diamond_mine, serial_shops, shop_fountains
Elf:1:    minmay_slanted_spiral_squares, layout_geoelf_grid, minivault_28
Elf:2:    layout_rooms, portal_desolation_entry_garden, serial_shops, shop,
          minmay_shop_grove
Elf:3:    minmay_elf_hall_statues, layout_loops_ring

Skill      XL: |  1  2  3  4  5  6  7  8  9 10 11 12 13 14 15 16 17 18 |
---------------+-------------------------------------------------------+-----
Fighting       | 4 5 6 8 9 10 11 12 13 14 16 17 | 17.0
Shields        | 4 5 6 8 9 11 13 14 15 17 18 19 20 21 | 21.0
Armour         | 4 5 6 7 8 9 10 11 12 14 | 14.3
Long Blades    | 3 4 5 6 7 9 10 12 13 14 15 16 17 18 | 18.7
Dodging        | 1 4 5 7 8 9 10 | 10.1
Stealth        | 1 2 3 4 5 |  5.8
Invocations    | 1 2 3 |  3.4
Evocations     | |  0.2

Action                   |  1- 3 |  4- 6 |  7- 9 | 10-12 | 13-15 | 16-18 || total
-------------------------+-------+-------+-------+-------+-------+-------++-------
Melee: Long sword        |   125 |   123 |   417 |   210 |       |       ||   875
       Headbutt          |    15 |    24 |    92 |   231 |   466 |   406 ||  1234
       Falchion          |       |       |       |   521 |   230 |   186 ||   937
       Demon blade       |       |       |       |       |   863 |   741 ||  1604
Invok: Heroism           |       |       |     3 |     8 |    15 |    10 ||    36
       Finesse           |       |       |       |       |     1 |       ||     1
Evoke: Wand              |       |       |       |       |     6 |     2 ||     8
  Use: Potion            |     3 |     2 |     4 |     2 |       |     8 ||    19
       Scroll            |       |     1 |     6 |     1 |    16 |    10 ||    34
 Stab: Sleeping          |       |       |       |     2 |    19 |       ||    21
       Distracted        |       |       |       |     3 |     2 |       ||     5
  Eat: Chunk             |     3 |     3 |    14 |    20 |    30 |    18 ||    88
       Ration            |       |       |       |       |     4 |     3 ||     7
Armor: Scale mail        |    11 |       |       |       |       |       ||    11
       Plate armour      |    61 |    53 |   203 |    54 |    20 |   198 ||   589
       Ring mail         |       |       |       |   160 |   214 |       ||   374
Dodge: Dodged            |    19 |    20 |    78 |   232 |   518 |   254 ||  1121
Block: Shield            |    61 |    46 |   210 |   474 |   807 |   559 ||  2157
       Rpst.: Long sword |     2 |    12 |    15 |    11 |       |       ||    40
       Falchion          |       |       |       |    43 |    19 |    12 ||    74
       Demon blade       |       |       |       |       |    85 |    48 ||   133
